 Dungeon Crawl Stone Soup version 0.29.0-15-g675c0067aa (webtiles) character file.

Game seed: 16596639790273171232

4498 Ordine the Skirmisher (level 10, -5/63 HPs)
             Began as a Tengu Monk on Sept 11, 2022.
             Was a Priest of Okawaru.
             Slain by a hornet (16 damage)
             ... on level 9 of the Dungeon.
             The game lasted 00:18:46 (8536 turns).

Ordine the Skirmisher (Tengu Monk)                  Turns: 8536, Time: 00:18:47

Health: -5/63      AC: -1    Str: 15    XL:     10   Next: 38%
Magic:  11/11      EV: 16    Int: 12    God:    Okawaru [***...]
Gold:   423        SH:  5    Dex: 15    Spells: 9/9 levels left

rFire   + + .      SeeInvis +   b - +9 sling "Zuhe Lunoapt" {venom, rPois rC+++ Will- Dex-5}
rCold   + + +      Faith    .   (no shield)
rNeg    + + .      Spirit   .   v - +3 leather armour "Timos Omai" {*Corrode rF+ rN++ Str+4}
rPois   +          Reflect  +   (helmet restricted)
rElec   .          Harm     .   (no cloak)
rCorr   .          Rampage  .   (no gloves)
Will    .....      Rage     3%  (boots unavailable)
Stlth   +++.......              E - amulet of reflection
HPRegen 0.20/turn               H - ring of see invisible
MPRegen 0.12/turn               I - ring of protection from fire

@: corroded, flying quickly and evasively, quick
A: beak, talons 3, nimble flight, berserk 1, sense surroundings 1
a: Renounce Religion, Heroism


You were on level 9 of the Dungeon.
You worshipped Okawaru.
Okawaru was most pleased with you.
You visited 2 branches of the dungeon, and saw 10 of its levels.
You also visited: Ossuary.

You collected 423 gold pieces.

Inventory:

Hand Weapons
 b - the +9 sling "Zuhe Lunoapt" (weapon) {venom, rPois rC+++ Will- Dex-5}
   (You found it on level 2 of the Dungeon)

   Any ammunition fired from it poisons the flesh of those it strikes.
   Dex:       It affects your dexterity (-5).
   rC:        It renders you almost immune to cold.
   rPois:     It protects you from poison.
   Will:      It decreases your willpower.
Missiles
 t - 12 poisoned darts
 x - a throwing net
Armour
 a - a +2 robe of willpower
 v - the +3 leather armour "Timos Omai" (worn) {*Corrode rF+ rN++ Str+4}
   (You found it on level 6 of the Dungeon)

   Str:       It affects your strength (+4).
   rF:        It protects you from fire.
   rN:        It greatly protects you from negative energy.
   *Corrode:  It may corrode you when you take damage.
Jewellery
 E - an amulet of reflection (around neck)
 H - a ring of see invisible (left hand)
 I - a ring of protection from fire (right hand)
Wands
 o - a wand of mindburst (30)
 D - a wand of polymorph (3)
Scrolls
 d - 2 scrolls of immolation {unknown}
 e - 2 scrolls of fear {unknown}
 g - 2 scrolls of enchant weapon {unknown}
 i - 8 scrolls of identify {unknown}
 k - 4 scrolls of vulnerability {unknown}
 l - a scroll of poison {unknown}
 n - a scroll of summoning {unknown}
 p - 4 scrolls of teleportation {unknown}
 r - a scroll of acquirement {unknown}
 u - a scroll of silence {unknown}
 y - 2 scrolls of enchant armour {unknown}
 B - a scroll of magic mapping {unknown}
 F - 2 scrolls of brand weapon {unknown}
 G - a scroll of blinking {unknown}
Potions
 c - a potion of ambrosia
 f - a potion of degeneration {unknown}
 h - a potion of magic {unknown}
 j - 3 potions of curing {unknown}
 m - 2 potions of berserk rage {unknown}
 q - 2 potions of resistance {unknown}
 s - a potion of invisibility {unknown}
 w - a potion of attraction {unknown}
 z - a potion of might {unknown}
 A - a potion of brilliance {unknown}
 C - a potion of cancellation {unknown}
 J - a potion of lignification {unknown}


   Skills:
 + Level 7.6 Fighting
 - Level 5.6 Long Blades
 * Level 10.9 Ranged Weapons
 + Level 3.2 Armour
 + Level 5.1 Dodging
 + Level 4.5 Stealth
 + Level 1.0 Invocations
 + Level 3.2 Evocations


You had 9 spell levels left.
You didn't know any spells.
Your spell library contained the following spells:

 Spells                   Type           Power      Damage    Failure   Level
 Blink                    Tloc           0%         N/A       52%         2
 Lesser Beckoning         Tloc           0%         N/A       77%         3
 Manifold Assault         Tloc           0%         N/A       100%        5


Dungeon Overview and Level Annotations

Branches:
Dungeon (9/15)             Temple (1/1) D:7         Ossuary (visited)
   Lair: D:8-11         Orc: D:9-12

Altars:
Ashenzari
Cheibriados
Dithmenos
Elyvilon
Fedhas
Gozag
Hepliaklqana
Kikubaaqudgha
Makhleb
Nemelex Xobeh
Okawaru
Qazlal
Ru
Sif Muna
Trog
Uskayaw
Vehumet
Wu Jian
Xom
Zin
The Shining One


Innate Abilities, Weirdness & Mutations

You have a beak for a mouth.
You have claws for feet.
Your magical nature lets you fly swiftly and evasively.
You sometimes lose your temper in combat.
You passively map a small area around you.


Message History

You block the killer bee's attack.
You shoot a sling bullet. The sling bullet hits the killer bee!
You kill the killer bee!
Okawaru accepts your kill.
The centaur shoots an arrow.
The arrow hits you.
Your corrosive artefact corrodes you!
Your Invocations skill increases to level 1!
You shoot a sling bullet. The sling bullet misses the hornet.
The hornet stings you!
You suddenly lose the ability to move!
The centaur unwields a +0 shortbow.
The centaur hits you.
The centaur kicks you but does no damage.
The hornet stings you but does no damage.
The centaur hits you. The centaur kicks you. The hornet stings you!
Your corrosive artefact corrodes you!
You can move again.
The hornet attacks as you move away! The hornet closely misses you.
The centaur wields a +0 shortbow.
The centaur shoots an arrow.
The arrow misses you.
There is an open door here.
You are too injured to fight recklessly!
You are too injured to fight recklessly!
Fire: b) +9 sling "Zuhe Lunoapt" {venom, rPois rC+++ Will- Dex-5}
Press: ? - help, Q - select action, (/) - cycle Shift-Dir - straight line, f/p - hornet
Aim: a hornet (63% to hit)
You shoot a sling bullet.
The sling bullet closely misses the hornet.
The sling bullet hits the centaur.
The centaur looks as sick as possible!
The centaur is severely wounded.
The hornet stings you.
Unknown command.
Fire: b) +9 sling "Zuhe Lunoapt" {venom, rPois rC+++ Will- Dex-5}
Press: ? - help, Q - select action, (/) - cycle Shift-Dir - straight line, f/p - hornet
Aim: a hornet (63% to hit)
You shoot a sling bullet. The sling bullet hits the hornet.
The hornet is poisoned.
The hornet is lightly wounded.
The hornet stings you!
* * * LOW HITPOINT WARNING * * *
The hornet stings you!
You die...

, , , * ,, #
# *,, ,
##.##.. * , ,
, .#....###.
, ,
##....###...
,
#c†.###.....
* , ,
#y###...... ,
* #@#......#
, , ,
,#......##*
,, * ,
##....).## *,
, ,, *,
##......##,,,
* ,,*
,##......## +
* ##......##
,, * , *
,,##......##
, , ,
##^.....## ,
##......##,


You could see a hornet (very poisoned) and a centaur (extremely poisoned).

Vanquished Creatures
  A two-headed ogre (D:8)
  Psyche (D:9)
  Grinder (D:6)
  Sigmund (D:2)
  A wyvern (D:6)
  A steam dragon (D:7)
  Menkaure (D:6)
  An ice beast (D:8)
  2 orc warriors
  3 sky beasts
  A black bear (D:4)
  An ogre (D:4)
  4 centaurs
  A kobold brigand (D:7)
  A necrophage (D:7)
  2 bullfrogs (D:8)
  4 scorpions
  3 wights (D:7)
  6 killer bees
  6 centaur zombies (Ossuary)
  4 orc priests
  3 hounds
  A jelly (D:5)
  6 orc wizards
  4 iguanas
  4 mummies (Ossuary)
  3 gnolls (D:4)
  7 adders
  A white imp (D:5)
  An ufetubus (D:5)
  A worm zombie (D:4)
  A worm (D:4)
  A dart slug (D:1)
  21 orcs
  A bat (D:1)
  7 endoplasms
  A giant cockroach (D:1)
  11 goblins
  8 hobgoblins
  4 jackals (D:3)
  13 kobolds
  3 quokkas
  5 ball pythons
  4 frilled lizards
  3 hobgoblin zombies (Ossuary)
  7 rats
167 creatures vanquished.

Vanquished Creatures (others)
  An orc wizard (D:8)
1 creature vanquished.

Grand Total: 168 creatures vanquished

Notes
Turn   | Place    | Note
-------+----------+-------------------------------------------
     0 | D:1      | Ordine the Tengu Monk began the quest for the Orb.
     0 | D:1      | Reached XP level 1. HP: 14/14 MP: 2/2
    43 | D:1      | Reached XP level 2. HP: 19/19 MP: 3/3
   503 | D:1      | Reached XP level 3. HP: 16/23 MP: 4/4
   973 | D:2      | Identified the +9 sling "Zuhe Lunoapt" {venom, rPois rC+++
                  | Will- Dex-5}
  1155 | D:2      | Reached skill level 1 in Ranged Weapons
  1189 | D:2      | Noticed Sigmund
  1193 | D:2      | Killed Sigmund
  1194 | D:2      | Reached skill level 5 in Long Blades
  1194 | D:2      | Reached skill level 3 in Ranged Weapons
  1194 | D:2      | Reached XP level 4. HP: 28/28 MP: 5/5
  1194 | D:2      | Gained mutation: Your magical nature lets you fly swiftly
                  | and evasively. [Tengu growth]
  1194 | D:2      | Reached XP level 5. HP: 32/32 MP: 6/6
  1615 | D:3      | Reached XP level 6. HP: 37/37 MP: 7/7
  1701 | D:3      | Found a faded altar of an unknown god.
  1934 | D:3      | Found a sacrificial altar of Ru.
  2120 | D:3      | Reached skill level 4 in Ranged Weapons
  2913 | D:4      | Noticed a black bear
  2918 | D:4      | Killed a black bear
  2982 | D:4      | Reached XP level 7. HP: 43/43 MP: 8/8
  2995 | D:4      | Reached skill level 5 in Ranged Weapons
  3033 | D:4      | Found a sand-covered staircase.
  3044 | Ossuary  | Entered an ossuary
  3180 | Ossuary  | Reached skill level 6 in Ranged Weapons
  3426 | D:4      | Reached skill level 5 in Fighting
  3829 | D:4      | Reached XP level 8. HP: 49/49 MP: 9/9
  4218 | D:5      | Entered Level 5 of the Dungeon
  4303 | D:5      | Reached skill level 7 in Ranged Weapons
  4421 | D:5      | Found a shimmering blue altar of Sif Muna.
  5220 | D:6      | Noticed Grinder
  5226 | D:6      | Paralysed by Grinder for 3 turns
  5233 | D:6      | Killed Grinder
  5234 | D:6      | Reached skill level 8 in Ranged Weapons
  5475 | D:6      | Noticed Menkaure
  5484 | D:6      | Gained mutation: You have hidden genetic defects. [potion
                  | of mutation]
  5486 | D:6      | Killed Menkaure
  5487 | D:6      | Lost mutation: You have hidden genetic defects. [potion of
                  | mutation]
  5487 | D:6      | Gained mutation: Your spells are a little easier to cast,
                  | but a little less powerful. [potion of mutation]
  5487 | D:6      | Gained mutation: Your muscles are strong. (Str +4, Int/Dex
                  | -1) [potion of mutation]
  5488 | D:6      | Lost mutation: Your muscles are strong. (Str +4, Int/Dex
                  | -1) [potion of mutation]
  5488 | D:6      | Lost mutation: Your spells are a little easier to cast, but
                  | a little less powerful. [potion of mutation]
  5488 | D:6      | Gained mutation: You sometimes lose your temper in combat.
                  | [potion of mutation]
  5488 | D:6      | Gained mutation: You passively map a small area around you.
                  | [potion of mutation]
  5675 | D:6      | Identified the +3 leather armour "Timos Omai" {*Corrode rF+
                  | rN++ Str+4}
  5705 | D:6      | Noticed a wyvern
  5711 | D:6      | Reached skill level 9 in Ranged Weapons
  5714 | D:6      | Killed a wyvern
  5715 | D:6      | Reached XP level 9. HP: 56/56 MP: 10/10
  6082 | D:7      | Reached skill level 1 in Armour
  6167 | D:7      | Reached skill level 1 in Evocations
  6173 | D:7      | Found a staircase to the Ecumenical Temple.
  6182 | Temple   | Entered the Ecumenical Temple
  6826 | D:7      | Found a snail-covered altar of Cheibriados.
  6923 | D:7      | Reached skill level 10 in Ranged Weapons
  7093 | D:7      | Found a hide-covered altar of Uskayaw.
  7093 | D:7      | Found an iron altar of Okawaru.
  7098 | D:7      | Found a stormy altar of Qazlal.
  7100 | D:7      | Became a worshipper of Warmaster Okawaru
  7100 | D:7      | Reached * piety under Okawaru
  7100 | D:7      | Reached ** piety under Okawaru
  7102 | D:7      | Found an opulent altar of Gozag.
  7104 | D:7      | Found a glowing golden altar of the Shining One.
  7476 | D:8      | Noticed a two-headed ogre
  7513 | D:8      | Killed a two-headed ogre
  7514 | D:8      | Reached XP level 10. HP: 38/63 MP: 11/11
  8052 | D:8      | Reached skill level 5 in Dodging
  8363 | D:9      | Noticed Psyche
  8365 | D:9      | Reached *** piety under Okawaru
  8371 | D:9      | Killed Psyche
  8532 | D:9      | Reached skill level 1 in Invocations
  8532 | D:9      | Paralysed by a hornet for 1 turns
  8536 | D:9      | Slain by a hornet

Illustrated notes

Levels and vault maps discovered:
D:1:      dpeg_arrival_round_a, layout_rooms
D:2:      layout_loops_ring, nrook_mini_backslash, uniq_sigmund
D:3:      layout_rooms, mainiacjoe_overflow_24_doors,
          dreamdust_ecumenical_altar_angels_and_demons, minivault_4
D:4:      minmay_opposing_rooms, layout_layer_cave, serial_forest,
          infiniplex_forest_clump_long, infiniplex_forest_clump_C,
          infiniplex_forest_clump_long, infiniplex_forest_end_2,
          infiniplex_forest_clump_tiny, infiniplex_forest_straight_1,
          infiniplex_forest_straight_2, enter_ossuary_3
D:5:      layout_basic, kennysheep_mini
D:6:      layout_rooms, grunt_ministairs_14, chequers_jeans, uniq_grinder,
          uniq_menkaure
D:7:      layout_cave_pools, nicolae_overflow_hallway_of_the_gods,
          minmay_temple_entry_statues_fountains, kennysheep_cluttered_room
D:8:      layout_loops_corners
D:9:      minmay_razor_zed, layout_irregular_city,
          nicolae_yredelemnul_corpse_copse, uniq_psyche, uniq_maggie
Temple:   nicolae_temple_figure_eight

Skill      XL: |  1  2  3  4  5  6  7  8  9 10 |
---------------+-------------------------------+-----
Long Blades    | 4 5 |  5.6
Ranged Weapons | 3 4 6 9 10 | 10.9
Fighting       | 4 5 6 7 |  7.6
Armour         | 3 |  3.2
Evocations     | 2 3 |  3.2
Dodging        | 4 5 |  5.1
Stealth        | 4 |  4.5
Invocations    | 1 |  1.0

Action                   |  1- 3 |  4- 6 |  7- 9 | 10-12 || total
-------------------------+-------+-------+-------+-------++-------
Melee: Falchion          |    50 |    10 |       |       ||    60
       Kick              |     8 |       |       |       ||     8
       Peck              |     4 |       |       |       ||     4
       Punch             |     1 |       |       |       ||     1
       Unarmed           |       |       |       |     1 ||     1
 Fire: Sling             |    15 |    62 |   305 |    47 ||   429
  Use: Potion            |       |       |     3 |       ||     3
 Stab: Sleeping          |     5 |       |       |       ||     5
Armor: Robe              |     3 |     6 |    28 |       ||    37
       Leather armour    |       |       |     4 |     4 ||     8
Dodge: Dodged            |    33 |    24 |   123 |    12 ||   192
Block: Other             |       |       |    18 |     2 ||    20
       Reflection        |       |       |     3 |       ||     3
